 Dungeon Crawl Stone Soup version 0.30-a0-219-gf2db51d15e (webtiles) character file.

Game seed: 17895986549022422167

1099 sokol815 the Sneak (level 8, -4/46 HPs)
             Began as an Octopode Earth Elementalist on Oct 7, 2022.
             Was a Believer of Uskayaw.
             Slain by a gnoll sergeant
             ... wielding a +0 trident of venom
              (12 damage)
             ... on level 6 of the Dungeon.
             The game lasted 00:13:22 (4459 turns).

sokol815 the Sneak (Octopode Earth Elementalist)    Turns: 4459, Time: 00:13:22

Health: -4/46      AC:  1    Str:  7    XL:     8   Next: 32%
Magic:  11/11      EV: 13    Int: 19    God:    Uskayaw [**....]
Gold:   324        SH:  0    Dex: 13    Spells: 1/11 levels left

rFire   . . .      SeeInvis .    a - +1 short sword (speed)
rCold   . . .      Faith    .    (no shield)
rNeg    . . .      Spirit   .    (helmet restricted)
rPois   .          Reflect  .    e - amulet of magic regeneration
rElec   .          Harm     .    (no ring)
rCorr   .          Rampage  .    (no ring)
Will    .....                    (no ring)
Stlth   +++++.....               (no ring)
HPRegen 0.27/turn                (no ring)
MPRegen 0.52/turn                (no ring)
                                 (no ring)
                                 (no ring)

@: no status effects
A: almost no armour, amphibious, 8 rings, camouflage 1, gelatinous body 1,
nimble swimmer 1, tentacles
a: Renounce Religion, Stomp, Line Pass


You were on level 6 of the Dungeon.
You worshipped Uskayaw.
Uskayaw was noncommittal.
You visited 2 branches of the dungeon, and saw 7 of its levels.

You collected 324 gold pieces.

Inventory:

Hand Weapons
 a - a +1 short sword of speed (weapon)
   (You took it off an orc on level 4 of the Dungeon)
 f - a +2 spectral quarterstaff
   (You found it on level 5 of the Dungeon)
 k - the +1 whip "Orb Guardian's Curse" {freeze, rElec Str+8 Dex-5}
   (You took it off a goblin on level 2 of the Dungeon)

   It freezes those it strikes, dealing additional cold damage.
   It can also slow down cold-blooded creatures.
   Str:       It affects your strength (+8).
   Dex:       It affects your dexterity (-5).
   rElec:     It insulates you from electricity.
 p - a +2 whip of venom
   (You found it on level 1 of the Dungeon)
 r - a +1 dagger of venom
   (You took it off a goblin on level 4 of the Dungeon)
Missiles
 d - 10 poisoned darts
 l - a throwing net {!d}
 q - 5 boomerangs
 s - 36 stones
Armour
 h - an orb of energy
   (You found it on level 4 of the Dungeon)
 o - an orb of mayhem
   (You found it on level 3 of the Dungeon)
Jewellery
 e - an amulet of magic regeneration (around mantle)
   (You found it on level 5 of the Dungeon)
Wands
 i - a wand of iceblast (4)
   (You found it on level 4 of the Dungeon)
Scrolls
 c - a scroll of amnesia
 D - 3 scrolls of blinking {!r}
 X - 2 scrolls of magic mapping {@r4!r}
 Y - a scroll of teleportation {@r3}
Potions
 b - a potion of invisibility {unknown}
 g - a potion of mutation {unknown}
 m - a potion of ambrosia {unknown}
 n - a potion of magic
 B - a potion of brilliance
 J - 2 potions of curing {@q1}
 M - a potion of might
 P - 3 potions of lignification {!q}


   Skills:
 + Level 4.3 Short Blades
 - Level 0.4 Maces & Flails
 - Level 2.0 Dodging
 + Level 7.0 Stealth
 - Level 2.0 Spellcasting
 * Level 3.4 Conjurations
 + Level 4.2 Transmutations
 - Level 5.0 Earth Magic


You had one spell level left.
You knew the following spells:

 Your Spells              Type           Power      Damage    Failure   Level
a - Sandblast             Erth           40%        2d10      2%          1
b - Irradiate             Conj/Tmut      8%         3d14      69%         5
c - Petrify               Tmut/Erth      19%        N/A       26%         4

Your spell library contained the following spells:

 Spells                   Type           Power      Damage    Failure   Level
 Magic Dart               Conj           60%        1d6       4%          1
 Passwall                 Tmut/Erth      15%        N/A       3%          2
 Stone Arrow              Conj/Erth      34%        3d9       9%          3
 Call Imp                 Summ           1%         N/A       26%         2
 Sublimation of Blood     Necr           1%         N/A       26%         2
 Dazzling Flash           Conj/Hex       16%        N/A       26%         3
 Mephitic Cloud           Conj/Pois/Air  6%         N/A       32%         3
 Gell's Gravitas          Tloc           1%         N/A       45%         3
 Teleport Other           Tloc           1%         N/A       45%         3
 Iskenderun's Mystic Bla  Conj/Tloc      8%         2d4       63%         4
 Dispersal                Tloc           0%         N/A       100%        6
 Starburst                Conj/Fire      4%         6d3       100%        6


Dungeon Overview and Level Annotations

Branches:
Dungeon (6/15) Zot: 26449  Temple (1/1) D:4 Zot: 5998

Altars:
Ashenzari
Cheibriados
Elyvilon
Makhleb
Okawaru
Ru
Sif Muna
Trog
Uskayaw
Vehumet
Wu Jian
Xom
Yredelemnul
Zin
The Shining One


Innate Abilities, Weirdness & Mutations

You cannot wear most types of armour.
You are amphibious.
You can wear up to eight rings at the same time.
Your skin changes colour to match your surroundings (Stealth+).
Your rubbery body absorbs attacks. (AC +1, EV +1)
You are camouflaged when in or above water. (Stealth+)
You have tentacles for arms and can constrict up to eight enemies at once.


Message History

You hit the gnoll.
You constrict the gnoll, but do no damage.
The gnoll hits you with a +0 spear.
You take 2 damage, and have 27/46 hp.
You hit the gnoll. You squeeze the gnoll.
You constrict the gnoll, but do no damage.
You hit the gnoll.
You kill the gnoll!
You start resting.
Health restored: 46
(D) Dungeon (T) Temple
Where to? (Enter - D:5 @ (x,y), ? - help)
There is a stone staircase leading down here.
You climb downwards.
A water moccasin comes into view.
There is a stone staircase leading up here.
Aim: a water moccasin (72% to hit)
The blast of sand misses the water moccasin.
The water moccasin bites you.
You take 4 damage, and have 42/46 hp.
You hit the water moccasin. You grab the water moccasin.
You constrict the water moccasin, but do no damage.
The water moccasin bites you.
You take 6 damage, and have 36/46 hp.
You hit the water moccasin. You constrict the water moccasin.
You hit the water moccasin. You squeeze the water moccasin!
You constrict the water moccasin. The water moccasin barely misses you.
You can now pass through a line of other dancers.
You hit the water moccasin. You squeeze the water moccasin.
You kill the water moccasin!
Your Stealth skill increases to level 7!
You start resting.
Health restored: 46
There is a stone staircase leading up here.
You see here a +0 spear.
There is a stone staircase leading down here.
Aim: a gnoll, wielding a +0 spear (wandering, hasn't noticed you, 85% to hit)
The blast of sand hits the gnoll!
The gnoll sergeant shouts!
The gnoll hits you with a +0 spear.
You take 1 damage, and have 45/46 hp.
You hit the gnoll. Your grab misses the gnoll. Your squeeze misses the gnoll.
You hit the gnoll.
You kill the gnoll!
Health restored: 46 The gnoll sergeant shouts!
Aim: a gnoll sergeant, wielding a +0 trident of venom and wearing a +0 scale mail (87% to hit)
The blast of sand hits the gnoll sergeant but does no damage.
The gnoll sergeant completely misses you.
You now have 10/11 mp.
MP restored: 11 The gnoll sergeant hits you with a +0 trident of venom!
You are poisoned.
You take 7 damage, and have 39/46 hp.
You hit the gnoll sergeant but do no damage.
You grab the gnoll sergeant.
You constrict the gnoll sergeant, but do no damage.
You feel sick.
You take 2 damage, and have 37/46 hp.
You hit the gnoll sergeant but do no damage.
You squeeze the gnoll sergeant! You constrict the gnoll sergeant.
You feel sick.
The gnoll sergeant hits you with a +0 trident of venom!
You take 13 damage, and have 24/46 hp.
MASSIVE DAMAGE!!
You hit the gnoll sergeant. You squeeze the gnoll sergeant.
You constrict the gnoll sergeant, but do no damage.
You feel sick.
You take 1 damage, and have 23/46 hp.
You hit the gnoll sergeant but do no damage.
Your squeeze misses the gnoll sergeant. You constrict the gnoll sergeant.
You feel sick.
The gnoll sergeant hits you with a +0 trident of venom!
* * * LOW HITPOINT WARNING * * *
You are lethally poisoned!
You take 14 damage, and have 9/46 hp.
MASSIVE DAMAGE!!
You hit the gnoll sergeant.
You squeeze the gnoll sergeant, but do no damage.
You constrict the gnoll sergeant.
* * * LOW HITPOINT WARNING * * *
You feel very sick. The gnoll sergeant misses you.
You can now pass through a line of other dancers.
You take 3 damage, and have 6/46 hp.
Unknown command.
You hit the gnoll sergeant but do no damage.
You squeeze the gnoll sergeant. You constrict the gnoll sergeant.
* * * LOW HITPOINT WARNING * * *
You feel very sick.
You take 3 damage, and have 3/46 hp.
You hit the gnoll sergeant but do no damage.
You constrict the gnoll sergeant.
* * * LOW HITPOINT WARNING * * *
You feel sick. The gnoll sergeant closely misses you.
You take 2 damage, and have 1/46 hp.
You feel better.
You constrict the gnoll sergeant, but do no damage.
The gnoll sergeant hits you with a +0 trident of venom!
You die...

.# #####.....>..)........#
.# #...........########.##
.# #.≈≈≈≈≈≈≈≈≈.# #.# #
#.≈.......≈.# #.#
#######.≈.≈≈≈≈≈.≈.## #.#
.....†..≈.≈.._≈.≈..#######.#
#######.≈.≈.≈≈≈.≈..†..<....#
..........≈.....≈.##.#######
######..≈≈≈≈≈≈≈≈@.)..#######
........≈.....≈.g..........#
#######.≈.≈≈≈.≈.≈.##.#####.#
#.≈.≈_..≈.≈....# #.#.#
##.≈.≈≈≈≈≈.≈..#.###.#.#
..##..≈.......≈........#.#
......≈≈≈≈≈≈≈≈≈....###.#.#
#####................#.#.#
......#.....#.#.....##...#


You could see a gnoll sergeant.

Vanquished Creatures
  Sigmund (D:5)
  A water moccasin (D:6)
  An ice beast (D:6)
  An ogre (D:4)
  A centaur (D:6)
  A scorpion (D:5)
  A necrophage (D:5)
  3 hounds (D:5)
  An orc priest (D:4)
  2 iguanas
  An orc wizard (D:4)
  6 gnolls
  7 adders
  An ufetubus (D:6)
  2 worms
  2 dart slugs
  4 orcs
  6 endoplasms
  4 giant cockroaches
  9 goblins
  5 hobgoblins
  4 jackals
  3 kobolds
  5 quokkas
  11 ball pythons
  5 bats
  A frilled lizard (D:1)
  4 rats
93 creatures vanquished.

Vanquished Creatures (collateral kills)
  A scorpion (D:6)
1 creature vanquished.

Grand Total: 94 creatures vanquished

Notes
Turn   | Place    | Note
-------+----------+-------------------------------------------
     0 | D:1      | sokol815 the Octopode Earth Elementalist began the quest
                  | for the Orb.
     0 | D:1      | Reached XP level 1. HP: 11/11 MP: 3/3
    57 | D:1      | Found a faded altar of an unknown god.
    65 | D:1      | Prayed at the altar of an unknown god.
    65 | D:1      | Became a worshipper of Uskayaw the Reveller
    65 | D:1      | Reached * piety under Uskayaw
    72 | D:1      | Reached ** piety under Uskayaw
    73 | D:1      | Reached skill level 3 in Stealth
   107 | D:1      | Reached XP level 2. HP: 17/17 MP: 5/5
   564 | D:1      | Reached XP level 3. HP: 21/21 MP: 6/6
   885 | D:2      | Reached skill level 4 in Earth Magic
   891 | D:2      | HP: 3/21 [gnoll/+0 halberd (7)]
   892 | D:2      | Identified the +1 whip "Orb Guardian's Curse" {freeze,
                  | rElec Str+8 Dex-5}
   924 | D:2      | HP: 5/21 [dart slug/slug dart (6)]
  1018 | D:2      | HP: 4/21 [worm (11)]
  1021 | D:2      | Reached skill level 4 in Stealth
  1183 | D:2      | Reached XP level 4. HP: 27/27 MP: 7/7
  1645 | D:2      | Learned a level 4 spell: Petrify
  2093 | D:3      | Found a shimmering blue altar of Sif Muna.
  2126 | D:3      | Found a glowing golden altar of the Shining One.
  2367 | D:4      | Reached XP level 5. HP: 19/31 MP: 8/8
  2467 | D:4      | Found an ornate altar of the Wu Jian Council.
  2621 | D:4      | Found a staircase to the Ecumenical Temple.
  2721 | D:4      | Found a sacrificial altar of Ru.
  2753 | D:4      | Reached skill level 1 in Short Blades
  2801 | D:4      | Reached skill level 5 in Earth Magic
  2801 | D:4      | Reached *** piety under Uskayaw
  2802 | D:4      | Reached skill level 2 in Transmutations
  2802 | D:4      | Reached XP level 6. HP: 14/36 MP: 9/9
  2907 | D:4      | Reached skill level 5 in Stealth
  2951 | D:4      | Found a white marble altar of Elyvilon.
  2951 | D:4      | Found a broken altar of Ashenzari.
  2951 | D:4      | Found a bloodstained altar of Trog.
  2974 | Temple   | Entered the Ecumenical Temple
  2995 | D:4      | Reached skill level 2 in Short Blades
  3136 | D:5      | Entered Level 5 of the Dungeon
  3177 | D:5      | Reached skill level 3 in Short Blades
  3304 | D:5      | Noticed Sigmund
  3307 | D:5      | Killed Sigmund
  3308 | D:5      | Reached skill level 4 in Short Blades
  3308 | D:5      | Reached skill level 3 in Transmutations
  3308 | D:5      | Reached XP level 7. HP: 35/41 MP: 10/10
  3478 | D:5      | Found a burning altar of Makhleb.
  3559 | D:5      | Found a glowing silver altar of Zin.
  3640 | D:5      | Learned a level 5 spell: Irradiate
  3643 | D:5      | Found a hide-covered altar of Uskayaw.
  3686 | D:5      | Reached skill level 6 in Stealth
  3744 | D:5      | Found a basalt altar of Yredelemnul.
  3760 | D:5      | Reached skill level 1 in Conjurations
  3966 | D:6      | Found an iron altar of Okawaru.
  3975 | D:6      | Reached skill level 2 in Conjurations
  4031 | D:6      | Found a shimmering altar of Xom.
  4061 | D:6      | Reached XP level 8. HP: 38/46 MP: 11/11
  4159 | D:6      | Noticed a yak
  4159 | D:6      | Noticed a yak
  4225 | D:6      | Reached skill level 3 in Conjurations
  4225 | D:6      | Reached skill level 4 in Transmutations
  4365 | D:6      | Reached skill level 7 in Stealth
  4455 | D:6      | HP: 9/46 [gnoll sergeant/+0 trident of venom (14)]
  4457 | D:6      | HP: 3/46 [poisoned by a gnoll sergeant]
  4458 | D:6      | HP: 1/46 [poisoned by a gnoll sergeant]
  4459 | D:6      | Slain by a gnoll sergeant

Illustrated notes

Levels and vault maps discovered:
D:1:      ncdulo_watergridlock, layout_basic, ebering_ecumenical_altar_box,
          grunt_decor_mini_mirrors
D:2:      layout_loops_ring, hangedman_decor_growths
D:3:      layout_rooms, mainiacjoe_overflow_six_doors_small,
          mainiacjoe_overflow_tiny_flanked, serial_bayou_lagoon_a
D:4:      layout_basic, nicolae_wu_jian_wuxing_cycle,
          nicolae_ru_sacrificial_ziggurat, gammafunk_temple_overflow_claw,
          minmay_temple_entry_butterflies
D:5:      layout_loops_ring, nicolae_uskayaw_suspiria, zin_statuary,
          mainiacjoe_overflow_small_starburst, lemuel_crystal_altar,
          uniq_sigmund
D:6:      layout_basic, mainiacjoe_overflow_catwalk_spiral,
          nemelex_spade_bored_becter, serial_rivers,
          chequers_serial_rivers_marsh, chequers_serial_rivers_micro_b,
          chequers_serial_rivers_room_a, chequers_serial_rivers_small_b,
          chequers_serial_rivers_room_b, chequers_serial_rivers_marsh
Temple:   hellmonk_temple_two_chambers

Skill      XL: |  1  2  3  4  5  6  7  8 |
---------------+-------------------------+-----
Stealth        | 3 4 5 6 7 |  7.0
Earth Magic    | 4 5 |  5.0
Short Blades   | 1 4 |  4.3
Transmutations | 2 3 4 |  4.2
Conjurations   | 2 3 |  3.4
Maces & Flails | |  0.4
Dodging        | |  2.0
Spellcasting   | |  2.0

Action                   |  1- 3 |  4- 6 |  7- 9 || total
-------------------------+-------+-------+-------++-------
Melee: Unarmed           |     9 |       |       ||     9
       Constrict         |    13 |    21 |     8 ||    42
       Tentacles         |    11 |    23 |    17 ||    51
       Whip              |    39 |    40 |       ||    79
       Dagger            |     9 |       |       ||     9
       Short sword       |       |    53 |    55 ||   108
 Cast: Sandblast         |     8 |     9 |     5 ||    22
Evoke: Wand              |       |     4 |       ||     4
  Use: Scroll            |     2 |     9 |     2 ||    13
       Potion            |       |       |     3 ||     3
 Stab: Sleeping          |    12 |    13 |     3 ||    28
       Paralysed         |       |       |     1 ||     1
Armor: Skin              |     5 |     3 |     2 ||    10
Dodge: Dodged            |    40 |    43 |    24 ||   107

Table legend: (Time is in decaauts)
 A = Elapsed time spent in this place.
 B = Non-inter-level travel time spent in this place.
 C = Inter-level travel time spent in this place.
 D = Time resting spent in this place.
 E = Time spent auto-exploring this place.
 F = Levels seen in this place.
 G = Mean time per level.
                   A        B        C        D        E       F      G
               +--------+--------+--------+--------+--------+-----+--------+
         Total |   4429 |   4256 |    173 |    644 |   2795 |   7 |  632.7 |
       Dungeon |   4427 |   4254 |    173 |    644 |   2795 |   6 |  737.8 |
        Temple |      1 |      1 |      0 |      0 |      0 |   1 |    1.0 |
               +--------+--------+--------+--------+--------+-----+--------+

Top non-repeatable levels by time:
     D:5: 891 daAuts
     D:4: 839 daAuts
     D:2: 834 daAuts
     D:1: 817 daAuts
     D:3: 643 daAuts
     D:6: 401 daAuts
  Temple: 1 daAuts

Table legend:
 A = Kills in this place as a percentage of kills in entire the game.
 B = Kills by you in this place as a percentage of kills by you in the entire game.
 C = Kills by friends in this place as a percentage of kills by friends in the entire game.
 D = Other kills in this place as a percentage of other kills in the entire game.
 E = Experience gained in this place as a percentage of experience gained in the entire game.
 F = Experience gained in this place divided by the number of levels of this place that you have seen.
                   A       B       C       D       E      F
               +-------+-------+-------+-------+-------+----------------------
         Total | 100.0 | 100.0 | 100.0 |   N/A | 100.0 | 224.3
       Dungeon | 100.0 | 100.0 | 100.0 |   N/A | 100.0 | 261.7
               +-------+-------+-------+-------+-------+----------------------
